AoeStats
← Feisty

Nomad

510213367Analyzed
4v4 RM · 4d ago on Sep 30, 2026· 39m 32s· 8 players
Game mode
Random Map
Map size
231×231
Population
200
Speed
Normal
Resources
Standard
Victory
Conquest
Starting age
Dark Age
Ending age
Imperial Age
RankedLock teamsTeams togetherTeam positionsShared explorationLock speedFull tech treeHidden civsTurbo modeCheats
Victory
Defeat
🇨🇳 Magyars · China
1691
+8
🇨🇳 Ethiopians · China
1684
+9
🇨🇴 Spanish · Colombia
1652
+10
🇺🇸 Tupi · United States
1621
+11
🇺🇸 Mongols · United States
1525
-10
🇧🇷 Saracens · Brazil
1524
-10
🇩🇰 Danes · Denmark
1498
-9
🇺🇸 Persians · United States
1494
-9
CaptainLance
3:33 Loom
4:56 Loom
6:18 Loom
15:24 Feudal Age
22:34 Castle Age
21:42 Double-Bit Axe
23:14 Fletching
23:27 Town Watch
23:37 Gold Mining
27:33 Bodkin Arrow
35:07 Ballistics
36:35 Horse Collar
小白
5:02 Loom
13:36 Feudal Age
17:18 Castle Age
17:55 Double-Bit Axe
18:19 Scale Barding Armor
18:50 Bow Saw
19:57 Chain Barding Armor
25:25 Bloodlines
25:16 Husbandry
26:35 Wheelbarrow
27:39 Horse Collar
30:50 Gold Mining
32:22 Gold Shaft Mining
32:49 Ballistics
32:21 Fletching
31:52 Elite Skirmisher
37:45 Imperial Age
36:04 Hand Cart
36:09 Bodkin Arrow
36:55 Padded Archer Armor
38:07 Leather Archer Armor
38:32 Bracer
39:33 Chemistry
38:39 Siege Engineers
38:56 Conscription
40:02 Two-Man Saw
39:29 Recurve Bow
39:43 Thumb Ring
40:38 Ring Archer Armor
40:36 Parthian Tactics
Plox
4:58 Loom
15:00 Feudal Age
16:10 Fishing Lines
18:50 Castle Age
17:39 Double-Bit Axe
18:54 Town Watch
19:57 Bow Saw
20:26 Husbandry
20:37 Bloodlines
22:16 Fletching
23:29 Gillnets
28:24 Wheelbarrow
31:09 Padded Archer Armor
34:28 Medium Warships
35:57 Horse Collar
36:38 Clinker Construction
36:39 Careening
39:09 Fortified Wall
39:46 Heavy Plow
tim.13
5:15 Loom
12:59 Feudal Age
15:15 Fishing Lines
18:06 Castle Age
16:27 Fletching
17:50 Double-Bit Axe
18:55 Bodkin Arrow
18:21 Crossbowman
19:38 Bow Saw
20:03 Gold Mining
22:01 Wheelbarrow
24:13 Gold Shaft Mining
26:29 Horse Collar
28:43 Stone Mining
31:15 Stone Shaft Mining
35:19 Imperial Age
33:00 Scale Mail Armor
33:40 Forging
33:33 Squires
33:19 Arson
35:09 Chain Mail Armor
35:57 Iron Casting
36:53 Plate Mail Armor
36:44 Conscription
38:12 Bracer
38:02 Arbalester
40:28 Blast Furnace
Feisty
5:24 Loom
12:32 Feudal Age
15:25 Scale Barding Armor
16:12 Fishing Lines
17:41 Wheelbarrow
21:22 Castle Age
19:39 Fletching
21:05 Bloodlines
22:26 Bodkin Arrow
23:19 Forging
25:28 Double-Bit Axe
26:13 Padded Archer Armor
27:01 Bow Saw
28:36 Husbandry
29:30 Chain Barding Armor
33:20 Stone Mining
Almost600
8:07 Loom
14:04 Feudal Age
19:16 Castle Age
17:11 Double-Bit Axe
17:21 Fishing Lines
23:06 Fletching
32:39 Wheelbarrow
Lord Longshaft
5:10 Loom
15:12 Feudal Age
15:57 Double-Bit Axe
16:47 Town Watch
19:44 Castle Age
19:15 Fletching
19:17 Gold Mining
20:24 Bodkin Arrow
25:06 Stone Mining
27:19 Wheelbarrow
28:08 Ballistics
28:32 Clinker Construction
28:06 Horse Collar
30:41 Fishing Lines
34:35 Bow Saw
34:42 Scale Mail Armor
34:38 Hamask
36:07 Squires
35:54 Arson
37:39 Chain Mail Armor
HUGO
5:35 Loom
13:13 Feudal Age
17:15 Castle Age
15:27 Double-Bit Axe
17:47 Forging
18:26 Bow Saw
23:53 Scale Barding Armor
27:24 Iron Casting
30:20 Horse Collar
31:52 Wheelbarrow
34:33 Hand Cart
34:30 Heavy Plow
38:28 Imperial Age
37:12 Gold Mining
37:46 Husbandry
39:23 Gold Shaft Mining
38:38 Stone Mining
40:19 Chemistry
39:33 Bloodlines
Connection lost

Rejoining the realm…

Still unreachable

The connection could not be restored.

Session expired

The server has moved on; the page needs a fresh start.